 Dungeon Crawl Stone Soup version 0.26.0-45-g9c1d065592 (webtiles) character file.

Game seed: 17028844151829829269

25454 kaeus the Thaumaturge (level 13, -1/107 HPs)
             Began as a Gnoll Venom Mage on Jan 30, 2021.
             Was a Believer of Ashenzari.
             Slain by a brown very ugly thing (15 damage)
             ... on level 2 of the Abyss on Jan 31, 2021.
             The game lasted 00:36:26 (19716 turns).

kaeus the Thaumaturge (Gnoll Venom Mage)           Turns: 19716, Time: 00:36:26

Health: -1/107     AC: 14    Str: 10    XL:     13   Next: 19%
Magic:  4/23       EV: 20    Int: 22    God:    Ashenzari [**....]
Gold:   748        SH:  7    Dex: 23    Spells: 15/31 levels left

rFire    . . .     SeeInvis +   u - +1 mace of the Establishment {venom, Dex+4 SInv}
rCold    + . .     Faith    .   r - +0 buckler
rNeg     . . .     Spirit   .   s - +0 troll leather armour
rPois    +         Reflect  .   D - +2 helmet {SInv}
rElec    .         Harm     .   q - +1 cloak {Will+}
rCorr    .         Rampage  .   p - +2 pair of gloves
Will     +....                  (no boots)
Stlth    ++++......             (no amulet)
HPRegen  0.67/turn              y - ring of protection from cold
MPRegen  0.18/turn              v - +4 ring of protection (curse)

@: radiating poison, corroded
A: distributed training, fangs 1, agile 1, blink, low mp 1, poison resistance,
robust 1, strong nose
a: Blink, Renounce Religion, Curse Item, Scrying


You were on level 2 of the Abyss.
You worshipped Ashenzari.
Ashenzari was pleased with you.
You visited 3 branches of the dungeon, and saw 14 of its levels.
You visited the Abyss 1 time.
You visited 1 bazaar.
You also visited: Sewer.

You collected 1623 gold pieces.
You spent 875 gold pieces at shops.

Inventory:

Hand Weapons
 l - a +5 dagger of flaming
 u - the +1 mace of the Establishment (weapon) {venom, Dex+4 SInv}
   (You found it on level 5 of the Dungeon)

   It poisons the flesh of those it strikes.
   It affects your dexterity (+4).
   It lets you see invisible.
Armour
 a - a +0 helmet
 h - the cursed +1 scale mail of the Grue {rF- rCorr Stlth+}
   (You bought it in a shop in a bazaar)

   It makes you vulnerable to fire.
   It provides partial protection from all sources of acid and corrosion.
   It makes you more stealthy.
   It has a curse placed upon it.
 p - a +2 pair of gloves (worn)
 q - a +1 cloak of willpower (worn)
 r - a +0 buckler (worn)
 s - a +0 troll leather armour (worn)
 D - a +2 helmet of see invisible (worn)
Magical Staves
 F - an uncursed staff of cold
Jewellery
 v - a cursed +4 ring of protection (right hand)
 y - a ring of protection from cold (left hand)
 G - an uncursed ring of ice
Wands
 n - a wand of acid (9)
 A - a wand of polymorph (9)
 B - a wand of enslavement (3)
Scrolls
 b - 7 scrolls of remove curse
 c - 9 scrolls of amnesia
 e - 3 scrolls of immolation
 i - 6 scrolls of teleportation
 k - 4 scrolls of blinking
 m - 5 scrolls of identify
 C - a scroll of fog
Potions
 d - a potion of might
 f - a potion of brilliance
 g - 6 potions of curing
 j - 2 potions of resistance
 o - 3 potions of cancellation
 t - a potion of haste
 x - 2 potions of magic
 z - a potion of ambrosia


   Skills:
 + Level 8.0 Fighting
 + Level 8.0 Short Blades
 + Level 8.0 Long Blades
 + Level 8.0 Axes
 + Level 8.0 Maces & Flails
 + Level 8.0 Polearms
 + Level 8.0 Staves
 + Level 8.0 Slings
 + Level 8.0 Bows
 + Level 8.0 Crossbows
 + Level 8.0 Throwing
 + Level 8.0 Armour
 + Level 9.3 Dodging
 + Level 9.1 Stealth
 + Level 8.0 Shields
 + Level 8.0 Unarmed Combat
 + Level 9.5 Spellcasting
 + Level 6.7 Conjurations
 + Level 6.7 Hexes
 + Level 6.7 Summonings
 + Level 6.7 Necromancy
 + Level 6.7 Translocations
 + Level 7.1 Transmutations
 + Level 6.7 Fire Magic
 + Level 6.7 Ice Magic
 + Level 6.7 Air Magic
 + Level 6.7 Earth Magic
 + Level 8.7 Poison Magic
 + Level 8.8 Invocations
 + Level 8.0 Evocations


You had 15 spell levels left.
You knew the following spells:

 Your Spells              Type           Power        Failure   Level
a - Sting                 Tmut/Pois      100%         1%          1
b - Olgreb's Toxic Radia  Pois           49%          2%          4
c - Ignite Poison         Fire/Tmut/Pois 43%          1%          3
d - Mephitic Cloud        Conj/Pois/Air  43%          1%          3
e - Pain                  Necr           100%         1%          1
f - Searing Ray           Conj           80%          1%          2
g - Passwall              Tmut/Erth      33%          1%          2

Your spell library contained the following spells:

 Spells                   Type           Power        Failure   Level
 Animate Skeleton         Necr           80%          1%          1
 Beastly Appendage        Tmut           82%          1%          1
 Corona                   Hex            44%          1%          1
 Magic Dart               Conj           100%         1%          1
 Ensorcelled Hibernation  Hex/Ice        80%          1%          2
 Poisonous Vapours        Pois/Air       88%          1%          2
 Swiftness                Air            40%          1%          2
 Wereblood                Tmut           41%          1%          2
 Confusing Touch          Hex            40%          1%          3
 Dazzling Flash           Conj/Hex       80%          1%          3
 Spider Form              Tmut/Pois      22%          1%          3
 Tukima's Dance           Hex            40%          1%          3
 Vampiric Draining        Necr           20%          1%          3
 Animate Dead             Necr           20%          4%          4
 Fulminant Prism          Conj/Hex       20%          4%          4
 Ice Form                 Ice/Tmut       40%          4%          4
 Iskenderun's Mystic Bla  Conj/Tloc      40%          4%          4
 Passage of Golubria      Tloc           N/A          4%          4
 Blade Hands              Tmut           20%          12%         5
 Agony                    Necr           40%          14%         5
 Lee's Rapid Deconstruct  Erth           20%          14%         5
 Invisibility             Hex            40%          61%         6


Dungeon Overview and Level Annotations

Branches:
Dungeon (11/15)            Temple (1/1) D:7            Lair (0/6) D:9
    Orc (2/2) D:10            Elf (0/3) Orc:2         Sewer (visited)

Altars:
Ashenzari
Cheibriados
Dithmenos
Elyvilon
Fedhas
Gozag
Hepliaklqana
Kikubaaqudgha
Makhleb
Nemelex Xobeh
Okawaru
Qazlal
Ru
Sif Muna
Trog
Uskayaw
Vehumet
Wu Jian
Xom
Yredelemnul
Zin
The Shining One
Beogh

Shops:
D:6 }   D:8 !?(   Orc:1 ?

Portals:
Trove: D:11 (give 12 potions of heal wounds)

Annotations:
Orc:2 Urug


Innate Abilities, Weirdness & Mutations

Your experience applies equally to all skills.
You have very sharp teeth.
Your uncanny sense of smell can sniff out nearby items.
You are agile. (Dex +2)
You can translocate small distances at will.
Your magical capacity is low. (-10% MP)
Your system is resistant to poisons. (rPois)
You are robust. (+10% HP)


Message History

The brown very ugly thing seems to burn from within!!!
The brown very ugly thing is heavily wounded.
The brown very ugly thing seems to burn from within!!!
The brown very ugly thing is heavily wounded.
The brown very ugly thing seems to burn from within!!
The brown very ugly thing is moderately wounded.
The brown very ugly thing is poisoned. x3; The white imp completely misses you.
You block the neqoxec's attack. The brown very ugly thing engulfs you!
* * * LOW HITPOINT WARNING * * *
The acid corrodes you!
You are splashed with acid.
* * * LOW HITPOINT WARNING * * *
The crimson imp blinks!
You block the white imp's attack.
You take 12 damage, and have 13/107 hp.
You now have 8/23 mp.
Casting: Ignite Poison (safe; 1% risk of failure)
Confirm with . or Enter, or press ? or * to list all spells.
Your toxic radiance grows in intensity.
The brown very ugly thing looks even sicker. x3
The white imp completely misses you. The neqoxec closely misses you.
The brown very ugly thing engulfs you!
You die...

#.... .........
............#.
#...##.....#... ###*#
...u..#..#. #.
#................ #..
#......#u*#.#.... #..
#.....##5u....!.. .
#....@?#
#...######.#.5§3x#
#........5...........
##..........X......#..
#. ........#.........
##....................
#. .. ...............#
.....................
#..........†._....


You could see 3 very ugly things, a large abomination, a neqoxec, a small
abomination, a crimson imp (summoned), 2 white imps and a lurking horror.

Vanquished Creatures
  Erolcha (D:11)
  A hydra (D:11)
  A vault guard (D:11)
  The ghost of thiole the Tainter, a journeyman OpVM of Gozag (Orc:1)
  3 two-headed ogres
  An orc high priest (Orc:2)
  Nergalle (D:11)
  3 orc knights (Orc:1)
  2 ugly things (D:11)
  2 orc sorcerers (Orc:2)
  A moth of wrath (D:3)
  Maurice (D:8)
  Joseph (D:8)
  A smoke demon (Abyss:2)
  Psyche (D:9)
  5 trolls
  3 raiju (Abyss:2)
  A centaur simulacrum (D:11)
  A shadow (D:11)
  A wyvern (D:10)
  13 yaks
  Grum (D:8)
  4 wargs
  2 soldier ants (D:11)
  Duvessa (D:4)
  A water moccasin (D:10)
  3 ice beasts
  28 orc warriors
  2 black bears (D:9)
  A sky beast (D:10)
  A manticore zombie (Abyss:2)
  2 necrophages
  12 ogres
  An eye of draining (D:9)
  6 phantoms
  3 wolves (D:8)
  4 centaurs
  11 bullfrogs
  Blork the orc (D:6)
  A gnoll sergeant (D:8)
  5 scorpions
  A water moccasin skeleton (D:9)
  Dowan (D:4)
  3 killer bees (D:10)
  Crazy Yiuf (D:3)
  3 hounds
  A quasit (D:7)
  2 bullfrog zombies
  2 jellies
  A gnoll shaman (D:8)
  22 orc priests
  A bullfrog skeleton (D:8)
  3 iguanas
  4 centaur skeletons
  32 orc wizards
  14 worker ants
  2 hound zombies
  3 hound skeletons
  A worker ant zombie (D:10)
  17 adders
  15 gnolls
  A howler monkey skeleton (D:7)
  2 shadow imps
  5 white imps
  3 ufetubi
  8 oozes
  An adder skeleton (D:9)
  4 worms
  2 dart slugs (D:2)
  13 leopard geckos
  91 orcs
  15 giant cockroaches
  3 hobgoblins
  8 jackals
  6 kobolds
  9 quokkas
  14 ball pythons (Sewer)
  9 bats
  16 frilled lizards
  9 goblins
  A jackal zombie (D:7)
  A quokka skeleton (D:4)
  16 rats
501 creatures vanquished.

Vanquished Creatures (others)
  14 fungi (D:11)
  4 plants
18 creatures vanquished.

Grand Total: 519 creatures vanquished

Notes
Turn   | Place    | Note
-------+----------+-------------------------------------------
     0 | D:1      | kaeus the Gnoll Venom Mage began the quest for the Orb.
     0 | D:1      | Reached XP level 1. HP: 13/13 MP: 6/6
   302 | D:1      | Reached XP level 2. HP: 19/19 MP: 5/7
   529 | D:1      | Reached XP level 3. HP: 15/25 MP: 2/9
   534 | D:1      | Reached skill level 5 in Spellcasting
  1100 | D:2      | Reached skill level 1 in Invocations
  1368 | D:2      | Reached skill level 1 in Fighting
  1368 | D:2      | Reached skill level 1 in Short Blades
  1368 | D:2      | Reached skill level 1 in Long Blades
  1368 | D:2      | Reached skill level 1 in Axes
  1368 | D:2      | Reached skill level 1 in Maces & Flails
  1368 | D:2      | Reached skill level 1 in Polearms
  1368 | D:2      | Reached skill level 1 in Staves
  1368 | D:2      | Reached skill level 1 in Slings
  1368 | D:2      | Reached skill level 1 in Bows
  1368 | D:2      | Reached skill level 1 in Crossbows
  1368 | D:2      | Reached skill level 1 in Throwing
  1368 | D:2      | Reached skill level 1 in Armour
  1368 | D:2      | Reached skill level 1 in Shields
  1368 | D:2      | Reached skill level 1 in Unarmed Combat
  1368 | D:2      | Reached skill level 1 in Evocations
  1478 | D:2      | Reached XP level 4. HP: 24/32 MP: 9/11
  2248 | D:3      | Reached skill level 1 in Conjurations
  2248 | D:3      | Reached skill level 1 in Hexes
  2248 | D:3      | Reached skill level 1 in Summonings
  2248 | D:3      | Reached skill level 1 in Necromancy
  2248 | D:3      | Reached skill level 1 in Translocations
  2248 | D:3      | Reached skill level 1 in Fire Magic
  2248 | D:3      | Reached skill level 1 in Ice Magic
  2248 | D:3      | Reached skill level 1 in Air Magic
  2248 | D:3      | Reached skill level 1 in Earth Magic
  2301 | D:3      | Reached XP level 5. HP: 17/37 MP: 3/12
  3322 | D:3      | Found a runed translucent door.
  3323 | D:3      | Noticed Crazy Yiuf
  3355 | D:3      | Noticed a moth of wrath
  3358 | D:3      | Found a bloodstained altar of Trog.
  3369 | D:3      | Learned a level 4 spell: Olgreb's Toxic Radiance
  3373 | D:3      | Learned a level 3 spell: Ignite Poison
  3377 | D:3      | Learned a level 3 spell: Mephitic Cloud
  3423 | D:3      | Killed a moth of wrath
  3424 | D:3      | Reached skill level 5 in Dodging
  3424 | D:3      | Reached XP level 6. HP: 28/46 MP: 1/14
  3424 | D:3      | Reached XP level 7. HP: 31/51 MP: 1/15
  3813 | D:3      | Killed Crazy Yiuf
  4095 | D:4      | Reached skill level 5 in Stealth
  4206 | D:4      | Found a sacrificial altar of Ru.
  4368 | D:4      | Noticed Dowan
  4369 | D:4      | Noticed Duvessa
  4374 | D:4      | Killed Dowan
  4374 | D:4      | Killed Duvessa
  4375 | D:4      | Reached XP level 8. HP: 50/57 MP: 4/16
  4658 | D:4      | Found a white marble altar of Elyvilon.
  5153 | D:4      | Found a basalt altar of Yredelemnul.
  5171 | D:4      | Learned a level 1 spell: Pain
  5187 | D:5      | Entered Level 5 of the Dungeon
  5291 | D:5      | Got an iridescent mace
  5292 | D:5      | Identified the +1 mace of the Establishment {venom, Dex+4
                  | SInv} (You found it on level 5 of the Dungeon)
  5596 | D:5      | Found a sparkling altar of Nemelex Xobeh.
  5617 | D:5      | Found a glowing drain.
  5631 | Sewer    | Entered a sewer
  6720 | D:6      | Reached XP level 9. HP: 61/65 MP: 16/18
  6861 | D:6      | Noticed Blork the orc
  6873 | D:6      | Killed Blork the orc
  7869 | D:6      | Found Koenuz's Gadget Emporium.
  8082 | D:7      | Learned a level 2 spell: Searing Ray
  8358 | D:7      | Reached skill level 5 in Invocations
  8630 | D:7      | Found a staircase to the Ecumenical Temple.
  8657 | Temple   | Entered the Ecumenical Temple
  8815 | Temple   | Became a worshipper of Ashenzari the Shackled
  8978 | D:7      | Reached XP level 10. HP: 73/73 MP: 16/20
  9134 | D:8      | Found Okituz's Antique Weapon Emporium.
  9360 | D:8      | Found Poatuig's Distillery.
  9372 | D:8      | Bought a potion of mutation for 88 gold pieces
  9372 | D:8      | Gained mutation: Your body sometimes deteriorates upon
                  | taking damage. [potion of mutation]
  9372 | D:8      | Gained mutation: Your spells are a little harder to cast,
                  | but a little more powerful. [potion of mutation]
  9372 | D:8      | Gained mutation: You are robust. (+10% HP) [potion of
                  | mutation]
  9372 | D:8      | Gained mutation: You have supernaturally acute eyesight.
                  | (SInv) [potion of mutation]
  9373 | D:8      | Bought a potion of mutation for 88 gold pieces
  9373 | D:8      | Lost mutation: Your spells are a little harder to cast, but
                  | a little more powerful. [potion of mutation]
  9373 | D:8      | Lost mutation: You are robust. (+10% HP) [potion of
                  | mutation]
  9373 | D:8      | Lost mutation: You have supernaturally acute eyesight.
                  | (SInv) [potion of mutation]
  9373 | D:8      | Lost mutation: Your body sometimes deteriorates upon taking
                  | damage. [potion of mutation]
  9373 | D:8      | Gained mutation: You can translocate small distances at
                  | will. [potion of mutation]
  9373 | D:8      | Gained mutation: You are agile. (Dex +2) [potion of
                  | mutation]
  9373 | D:8      | Gained mutation: Your system is resistant to poisons.
                  | (rPois) [potion of mutation]
  9373 | D:8      | Gained mutation: You are robust. (+10% HP) [potion of
                  | mutation]
  9494 | D:8      | Noticed Grum
  9496 | D:8      | Reached skill level 5 in Fighting
  9496 | D:8      | Reached skill level 5 in Short Blades
  9496 | D:8      | Reached skill level 5 in Long Blades
  9496 | D:8      | Reached skill level 5 in Axes
  9496 | D:8      | Reached skill level 5 in Maces & Flails
  9496 | D:8      | Reached skill level 5 in Polearms
  9496 | D:8      | Reached skill level 5 in Staves
  9496 | D:8      | Reached skill level 5 in Slings
  9496 | D:8      | Reached skill level 5 in Bows
  9496 | D:8      | Reached skill level 5 in Crossbows
  9496 | D:8      | Reached skill level 5 in Throwing
  9496 | D:8      | Reached skill level 5 in Armour
  9496 | D:8      | Reached skill level 5 in Shields
  9496 | D:8      | Reached skill level 5 in Unarmed Combat
  9496 | D:8      | Reached skill level 5 in Evocations
  9501 | D:8      | Killed Grum
  9637 | D:8      | Found Iwnan's Magic Scroll Shop.
  9642 | D:8      | Bought a scroll of remove curse for 45 gold pieces
  9642 | D:8      | Bought a scroll of identify for 30 gold pieces
  9642 | D:8      | Bought a scroll of identify for 30 gold pieces
  9642 | D:8      | Bought a scroll of identify for 30 gold pieces
  9642 | D:8      | Bought a scroll of identify for 30 gold pieces
  9642 | D:8      | Bought a scroll of remove curse for 45 gold pieces
 10266 | D:8      | Noticed Joseph
 10277 | D:8      | Killed Joseph
 10309 | D:8      | Reached skill level 5 in Transmutations
 10884 | D:8      | Noticed Maurice
 10894 | D:8      | Killed Maurice
 11507 | D:9      | Reached XP level 11. HP: 89/89 MP: 12/22
 11664 | D:9      | Found a staircase to the Lair.
 11856 | D:9      | Found a hazy altar of Hepliaklqana.
 11996 | D:9      | Noticed Psyche
 12012 | D:9      | Killed Psyche
 12263 | D:9      | Found a shimmering altar of Xom.
 12263 | D:9      | Found a glowing silver altar of Zin.
 12263 | D:9      | Found an ornate altar of the Wu Jian Council.
 12276 | D:9      | Reached skill level 5 in Conjurations
 12276 | D:9      | Reached skill level 5 in Hexes
 12276 | D:9      | Reached skill level 5 in Summonings
 12276 | D:9      | Reached skill level 5 in Necromancy
 12276 | D:9      | Reached skill level 5 in Translocations
 12276 | D:9      | Reached skill level 5 in Fire Magic
 12276 | D:9      | Reached skill level 5 in Ice Magic
 12276 | D:9      | Reached skill level 5 in Air Magic
 12276 | D:9      | Reached skill level 5 in Earth Magic
 12409 | D:9      | Found a hide-covered altar of Uskayaw.
 12411 | D:9      | Found an iron altar of Okawaru.
 12681 | D:10     | Entered Level 10 of the Dungeon
 12725 | D:10     | Found a staircase to the Orcish Mines.
 13005 | D:10     | Noticed a two-headed ogre
 13012 | D:10     | Killed a two-headed ogre
 13280 | D:10     | Reached * piety under Ashenzari
 13968 | D:11     | Noticed a brown ugly thing
 13969 | D:11     | Noticed a two-headed ogre
 13972 | D:11     | Killed a brown ugly thing
 13978 | D:11     | Killed a two-headed ogre
 14039 | D:11     | Learned a level 2 spell: Passwall
 14076 | D:11     | Noticed Erolcha
 14083 | D:11     | Killed Erolcha
 14094 | D:11     | Noticed a five-headed hydra
 14178 | D:11     | Noticed a two-headed ogre
 14188 | D:11     | Found a flickering gateway to a bazaar.
 14197 | Bazaar   | Entered a bazaar
 14475 | Bazaar   | Found Simem's General Store.
 14493 | Bazaar   | Found Pemey's Assorted Antiques.
 14510 | Bazaar   | Found Baf Isith's Book Boutique.
 14527 | Bazaar   | Found Yloeca's Antique Armour Shoppe.
 14564 | Bazaar   | Bought a bloodstained scale mail for 279 gold pieces
 14614 | D:11     | Killed a two-headed ogre
 14615 | D:11     | Reached XP level 12. HP: 75/97 MP: 9/24
 14823 | D:11     | Found a blossoming altar of Fedhas.
 15018 | D:11     | Killed a five-headed hydra
 15230 | D:11     | Noticed Nergalle
 15237 | D:11     | Killed Nergalle
 15648 | D:11     | Found a portal to a secret trove of treasure.
 15648 | D:11     | Noticed a vault guard
 15677 | D:11     | Killed a vault guard
 16162 | D:8      | Bought a potion of haste for 110 gold pieces
 16162 | D:8      | Bought a potion of heal wounds for 55 gold pieces
 16206 | Orc:1    | Entered Level 1 of the Orcish Mines
 16226 | D:10     | HP: 3/100 [warg[an orc knight] (8)]
 16552 | Orc:1    | Found Marawuru's Magic Scroll Emporium.
 16618 | Orc:1    | Bought a scroll of remove curse for 45 gold pieces
 16627 | Orc:2    | Entered Level 2 of the Orcish Mines
 16735 | Orc:2    | Found a staircase to the Elven Halls.
 16838 | Orc:2    | Noticed an orc high priest
 16846 | Orc:2    | Killed an orc high priest
 16867 | Orc:2    | Noticed an orc warlord
 17401 | Orc:2    | Found a roughly hewn altar of Beogh.
 17443 | Orc:2    | Noticed a sun demon
 17519 | Orc:1    | HP: 1/101 [orc knight/+2 great sword (9)]
 18163 | Orc:1    | Reached XP level 13. HP: 68/107 MP: 10/26
 18536 | Orc:1    | Found a runed translucent gate.
 18536 | Orc:1    | Found a runed translucent gate.
 18536 | Orc:1    | Found a runed translucent gate.
 18537 | Orc:1    | Found an opulent altar of Gozag.
 18538 | Orc:1    | Noticed thiole's ghost (journeyman OpVM)
 18588 | Orc:1    | Killed thiole's ghost
 19581 | Orc:2    | Noticed Urug
 19591 | Orc:2    | Cast into level 2 of the Abyss (Urug)
 19591 | Abyss:2  | Found a corrupted altar of Lugonu.
 19625 | Abyss:2  | Reached ** piety under Ashenzari
 19680 | Abyss:2  | HP: 2/107 [raiju/living lightning (9)]
 19709 | Abyss:2  | Noticed a brown very ugly thing
 19709 | Abyss:2  | Noticed a brown very ugly thing
 19713 | Abyss:2  | Gained mutation: Your magical capacity is low. (-10% MP) [a
                  | neqoxec]
 19713 | Abyss:2  | Noticed a brown very ugly thing
 19716 | Abyss:2  | Slain by a brown very ugly thing

Illustrated notes

Levels and vault maps discovered:
D:1:      amcnicky_arrival_double_pillar, layout_rooms,
          amcnicky_mini_corridor_feature, minmay_crystal_room,
          hangedman_decor_points, chequers_serial_rivers_micro_b
D:2:      layout_loops_corners
D:3:      layout_loops_ring, tgw_trog, minmay_misc_feat_nine_boxes,
          uniq_crazy_yiuf_cottage
D:4:      layout_loops_ring, kennysheep_ying_yang,
          nicolae_ru_great_annihilating_truth, uniq_duvessa
D:5:      layout_cave_pools, nemelex_xobeh_ov_fountains_minmay,
          portal_sewer_entry_a
D:6:      layout_basic, serial_shops, shop, uniq_blork_the_orc
D:7:      nzn_winding_woodlands_medium [nzn_winding_woodlands_hourglass,
          nzn_winding_woodlands_5x15_pockets,
          nzn_winding_woodlands_5x5_closed_star,
          nzn_winding_woodlands_5x5_default,
          nzn_winding_woodlands_center_garden,
          nzn_winding_woodlands_5x5_default, nzn_winding_woodlands_5x5_three,
          nzn_winding_woodlands_5x15_longhouse,
          nzn_winding_woodlands_5x5_default], layout_cave_pools, temple_statues
D:8:      layout_cave_pools, serial_gnoll_camp, gnoll_camp_mini_shop,
          gnoll_camp_medium_02, gnoll_camp_mini_hut, gnoll_camp_mini_shop,
          serial_shops, shop_statue, grunt_ministairs_2, uniq_joseph,
          uniq_maurice, uniq_grum
D:9:      layout_cave_pods, minitemple, lair_entry_dummy,
          kennysheep_generic_room_15, uniq_psyche
D:10:     layout_stronghold, orc_0_dummy, serial_column_ruins, column_ruins_hut,
          column_ruins_hut_ruined, column_ruins_grid_1,
          column_ruins_corridor_straight, column_ruins_columns_corner,
          column_ruins_open_tiny, column_ruins_open_large
D:11:     layout_loops_ring, serial_shops, bzr_in_the_mist, enter_trove_5,
          hangedman_pestilent_swarm, fedhas_altar_3, uniq_nergalle, uniq_erolcha
Temple:   hc_temple_tempest_star
Orc:1:    layout_caves, serial_shops, nicolae_shop_waterfront,
          ebering_ghost_gozag, nicolae_volcano_entry_s_turn
Orc:2:    grunt_orc_cross, layout_diamond_mine, biasface_ghost_orc_armoury,
          minmay_orc_temple_a
Abyss:2:  base:
Lair:4

Skill      XL: |  1  2  3  4  5  6  7  8  9 10 11 12 13 |
---------------+----------------------------------------+-----
Transmutations | 2 3 4 5 6 7 |  7.1
Spellcasting   | 5 6 7 8 9 |  9.5
Invocations    | 1 2 3 4 5 6 7 8 |  8.8
Fighting       | 1 2 3 4 5 6 7 8 |  8.0
Short Blades   | 1 2 3 4 5 6 7 8 |  8.0
Long Blades    | 1 2 3 4 5 6 7 8 |  8.0
Axes           | 1 2 3 4 5 6 7 8 |  8.0
Maces & Flails | 1 2 3 4 5 6 7 8 |  8.0
Polearms       | 1 2 3 4 5 6 7 8 |  8.0
Staves         | 1 2 3 4 5 6 7 8 |  8.0
Slings         | 1 2 3 4 5 6 7 8 |  8.0
Bows           | 1 2 3 4 5 6 7 8 |  8.0
Crossbows      | 1 2 3 4 5 6 7 8 |  8.0
Throwing       | 1 2 3 4 5 6 7 8 |  8.0
Armour         | 1 2 3 4 5 6 7 8 |  8.0
Shields        | 1 2 3 4 5 6 7 8 |  8.0
Unarmed Combat | 1 2 3 4 5 6 7 8 |  8.0
Evocations     | 1 2 3 4 5 6 7 8 |  8.0
Conjurations   | 1 2 3 4 5 6 |  6.7
Hexes          | 1 2 3 4 5 6 |  6.7
Summonings     | 1 2 3 4 5 6 |  6.7
Necromancy     | 1 2 3 4 5 6 |  6.7
Translocations | 1 2 3 4 5 6 |  6.7
Fire Magic     | 1 2 3 4 5 6 |  6.7
Ice Magic      | 1 2 3 4 5 6 |  6.7
Air Magic      | 1 2 3 4 5 6 |  6.7
Earth Magic    | 1 2 3 4 5 6 |  6.7
Dodging        | 5 6 7 8 9 |  9.3
Stealth        | 5 6 7 8 9 |  9.1
Poison Magic   | 6 7 8 |  8.7

Action                   |  1- 3 |  4- 6 |  7- 9 | 10-12 | 13-15 || total
-------------------------+-------+-------+-------+-------+-------++-------
Melee: Unarmed           |    25 |       |       |       |       ||    25
       Bite              |     5 |     9 |    40 |    88 |    24 ||   166
       Dagger            |    24 |    92 |    87 |       |       ||   203
       Punch             |       |     2 |       |       |       ||     2
       Mace              |       |       |   298 |   606 |    92 ||   996
 Cast: Sting             |    38 |    59 |   126 |   148 |     4 ||   375
       Olgreb's Toxic Ra |       |     3 |    18 |    67 |    18 ||   106
       Ignite Poison     |       |       |     6 |    29 |    10 ||    45
       Searing Ray       |       |       |     2 |     2 |     3 ||     7
       Mephitic Cloud    |       |       |       |     3 |     2 ||     5
       Passwall          |       |       |       |     1 |       ||     1
       Pain              |       |       |       |     3 |       ||     3
Invok: Curse Item        |       |       |     1 |       |       ||     1
  Use: Scroll            |       |       |    13 |     7 |     1 ||    21
       Potion            |       |       |     4 |     9 |     3 ||    16
 Stab: Distracted        |     1 |       |       |       |       ||     1
       Sleeping          |       |     1 |     2 |       |       ||     3
       Invisible         |       |       |     1 |       |       ||     1
Armor: Robe              |    13 |       |   111 |   137 |     7 ||   268
       Skin              |       |       |       |     4 |       ||     4
       Troll leather arm |       |       |       |       |    35 ||    35
Dodge: Dodged            |    35 |    63 |   311 |   502 |   107 ||  1018
Block: Buckler           |       |       |   116 |   223 |    47 ||   386
